 Dungeon Crawl Stone Soup version 0.30.0-10-gfe55d96785 (webtiles) character file.

Game seed: 13481964682833500653

163 McKennaii the Conjurer (level 5, -4/38 HPs)
             Began as a Demigod Conjurer on May 15, 2023.
             Slain by Eustachio
             ... wielding a +0 rapier of electrocution
              (7 damage)
             ... on level 4 of the Dungeon.
             The game lasted 00:02:19 (4461 turns).

McKennaii the Conjurer (Demigod Conjurer)           Turns: 4461, Time: 00:02:19

Health: -4/38      AC:  4    Str:  8    XL:     5   Next: 0%
Magic:  0/13       EV: 12    Int: 24    God:
Gold:   220        SH:  0    Dex: 12    Spells: 3/10 levels left

rFire   . . .        (no weapon)
rCold   . . .        (no shield)
rNeg    + . .        a - +0 robe
rPois   .            (no helmet)
rElec   .            (no cloak)
rCorr   .            u - +0 pair of gloves
SInv    .            p - +0 pair of boots
Will    .....        m - amulet of regeneration
Stlth   ++           n - ring of positive energy
HPRegen 1.06/turn    (no ring)
MPRegen 0.13/turn

%: no passive effects
@: no status effects
A: high MP 1, forlorn, divine attributes
a: no special abilities


You were on level 4 of the Dungeon.
You visited 1 branch of the dungeon, and saw 4 of its levels.

You collected 220 gold pieces.

Inventory:

Armour
 a - a +0 robe (worn)
 p - a +0 pair of boots (worn)
 u - a +0 pair of gloves (worn)
Jewellery
 m - an amulet of regeneration (around neck)
 n - a ring of positive energy (left hand)
Scrolls
 c - 2 scrolls of immolation {unknown}
 e - 3 scrolls of fog {unknown}
 f - a scroll of amnesia {unknown}
 g - a scroll of noise {unknown}
 h - a scroll of magic mapping {unknown}
 i - a scroll of blinking {unknown}
 k - a scroll of fear {unknown}
 l - a scroll of enchant armour {unknown}
 o - a scroll of vulnerability {unknown}
 r - 2 scrolls of identify {unknown}
Potions
 b - 2 potions of magic
 d - 2 potions of flight {unknown}
 j - a potion of degeneration {unknown}
 q - a potion of cancellation {unknown}
 s - a potion of invisibility {unknown}
 t - 2 potions of curing {unknown}


   Skills:
 - Level 1.7 Dodging
 - Level 1.7 Stealth
 + Level 3.4 Spellcasting
 + Level 4.9 Conjurations


You had 3 spell levels left.
You knew the following spells:

 Your Spells              Type           Power      Damage    Failure   Level
a - Magic Dart            Conj           100%       1d8       1%          1
b - Searing Ray           Conj           54%        2d6       1%          2
c - Iskenderun's Mystic   Conj/Tloc      16%        2d5       36%         4

Your spell library contained the following spells:

 Spells                   Type           Power      Damage    Failure   Level
 Dazzling Flash           Conj/Hex       32%        N/A       11%         3
 Frozen Ramparts          Ice            8%         1d2       30%         3
 Vhi's Electric Charge    Tloc/Air       8%         N/A       30%         3
 Fulminant Prism          Conj/Hex       8%         3d7       36%         4
 Ice Form                 Ice/Tmut       4%         N/A       71%         4
 Summon Ice Beast         Ice/Summ       4%         N/A       71%         4
 Arcjolt                  Conj/Air       8%         1d18      71%         5
 Plasma Beam              Fire/Air       2%         2x1d13    100%        6


Dungeon Overview and Level Annotations

Branches:
Dungeon (4/15)
 Temple: D:4-7

Shops:
D:3 =

Annotations:
D:4 Eustachio


Innate Abilities, Weirdness & Mutations

You have an increased reservoir of magic. (+10% MP)
You shall have no god before yourself.
Your divine heritage dramatically boosts your attributes as you level up.


Message History

Press: ? - help, Shift-Dir - straight line, f/p - Eustachio
Aim: Eustachio, wielding a +0 rapier of electrocution and wearing a +1 leather armour of willpower (moderately wounded, 71% to hit)
The searing ray hits Eustachio!
Eustachio is heavily wounded. (Press . to maintain the ray.) Eustachio hits you with a +0 rapier of electrocution!
You are electrocuted!!
Ouch! That really hurt!
The searing ray misses Eustachio.
Eustachio closely misses you.
The searing ray hits Eustachio.
Eustachio is heavily wounded.
Eustachio hits you with a +0 rapier of electrocution.
* * * LOW HITPOINT WARNING * * *
The searing ray misses Eustachio.
You finish channelling your searing ray.
Eustachio hits you with a +0 rapier of electrocution.
* * * LOW HITPOINT WARNING * * *
Unknown command.
Casting: Searing Ray (safe; 1% risk of failure)
Confirm with . or Enter, or press ? or * to list all spells.
Aiming: Searing Ray (safe; 1% risk of failure)
Press: ? - help, Shift-Dir - straight line, f/p - Eustachio
Aim: Eustachio, wielding a +0 rapier of electrocution and wearing a +1 leather armour of willpower (heavily wounded, 71% to hit)
The searing ray hits Eustachio!
Eustachio is severely wounded. (Press . to maintain the ray.) Eustachio hits you with a +0 rapier of electrocution.
* * * LOW HITPOINT WARNING * * *
The searing ray hits Eustachio.
Eustachio is almost dead.
Eustachio mumbles some strange words.
Eustachio blinks!
Unknown command.
The searing ray misses Eustachio.
Eustachio closely misses you.
Unknown command.
You aren't carrying any items that you can evoke.
Unknown command.
Eustachio attacks as you move away!
Eustachio hits you with a +0 rapier of electrocution!
You die...

.............# .
#.......#..## .##
..##..#.......# ..#.
##.....#.......# ....
....#........## ...
#...##........## ..#
#...........#..###<.##..
.........#####.@.ยง......
###......# ##.@.......
......##.# ##........
.#>.#...## ##.......
###.#..## #.#....
.##.#.## #..### .....##
#.. ....## #.. .#.## #.
..##


You could see Eustachio.

Vanquished Creatures
  An orc wizard (D:3)
  4 adders
  4 worms (D:2)
  A dart slug (D:2)
  9 orcs (D:3)
  4 bats
  11 endoplasms
  2 giant cockroaches
  5 hobgoblins
  2 jackals (D:3)
  3 kobolds (D:3)
  2 quokkas (D:1)
  8 ball pythons
  2 frilled lizards
  12 goblins
  5 rats
75 creatures vanquished.

Notes
Turn   | Place    | Note
-------+----------+-------------------------------------------
     0 | D:1      | McKennaii the Demigod Conjurer began the quest for the Orb.
     0 | D:1      | Reached XP level 1. HP: 14/14 MP: 5/5
   624 | D:1      | Reached XP level 2. HP: 20/20 MP: 3/7
   799 | D:1      | Reached skill level 4 in Conjurations
  1650 | D:2      | Learned a level 2 spell: Searing Ray
  1673 | D:2      | Reached XP level 3. HP: 26/26 MP: 1/9
  3225 | D:3      | Reached XP level 4. HP: 33/33 MP: 7/11
  3231 | D:3      | Learned a level 4 spell: Iskenderun's Mystic Blast
  3460 | D:3      | Found Kipauloh's Jewellery Shop.
  4408 | D:4      | Reached XP level 5. HP: 38/38 MP: 11/13
  4449 | D:4      | Noticed Eustachio
  4458 | D:4      | HP: 1/38 [Eustachio/+0 rapier of electrocution (6)]
  4461 | D:4      | Slain by Eustachio

Illustrated notes

Levels and vault maps discovered:
D:1:      matt_arrival_refuge, layout_loops_corners, roderic_filled_cross,
          minivault_19
D:2:      layout_basic, basic_altar
D:3:      layout_basic, nicolae_overflow_hidden_temple, serial_shops, shop
D:4:      minmay_inner_zag, layout_cave_pools,
          chequers_temple_overflow_minitemple, serial_shops,
          nicolae_diamond_shop, serial_column_ruins, column_ruins_open_tiny,
          column_ruins_grid_1, column_ruins_open_tiny,
          column_ruins_corridor_corner, column_ruins_open_tiny,
          column_ruins_open_small, uniq_eustachio

Skill      XL: |  1  2  3 |
---------------+----------+-----
Spellcasting   | 2 3 |  3.4
Conjurations   | 4 |  4.9
Dodging        | |  1.7
Stealth        | |  1.7

Action                     |  1- 3 |  4- 6 || total
---------------------------+-------+-------++-------
  Melee: Unarmed           |       |    12 ||    12
   Cast: Magic Dart        |   122 |    43 ||   165
         Searing Ray       |     2 |     4 ||     6
 Armour: Robe              |     2 |     2 ||     4
  Dodge: Dodged            |     9 |    11 ||    20
